 Dungeon Crawl Stone Soup version 0.16.2-12-gd0ad4c3 (webtiles) character file.

207 gorblad the Skirmisher (level 5, -2/42 HPs)
             Began as a Demonspawn Chaos Knight on Sept 14, 2015.
             Splashed by a jelly's acid (7 damage)
             ... on level 3 of the Dungeon.
             The game lasted 00:07:51 (2353 turns).

gorblad the Skirmisher (Demonspawn Chaos Knight)    Turns: 2353, Time: 00:07:52

Health: -2/42      AC: -20   Str: 18    XL:     5   Next: 54%
Magic:  5/5        EV: 13    Int: 13    God:    Xom [..*...]
Gold:   139        SH:  0    Dex: 12    Spells: 0 memorised, 4 levels left

rFire  + . .     SeeInvis +     a - +0 falchion (chaos)
rCold  . . .     Clarity  .     h - +2 ring mail {rF+}
rNeg   . . .     SustAb   .     (no shield)
rPois  .         Gourm    .     v - +0 helmet
rElec  .         Spirit   .     (no cloak)
rCorr  .         Warding  .     o - +0 pair of gloves
rMut   .         Stasis   .     (no boots)
MR     .....                    (no amulet)
Stlth  +.........               q - ring of see invisible
                                g - +4 ring of strength

@: corroded equipment, not resistant to hostile enchantments, very unstealthy
A: talons 2, repulsion field 1
a: Renounce Religion


You were on level 3 of the Dungeon.
You worshipped Xom.
You were a toy of Xom.
You were hungry.

You visited 1 branch of the dungeon, and saw 3 of its levels.

You collected 139 gold pieces.

Inventory:

Hand weapons
 a - a +0 falchion of chaos (weapon)
Armour
 b - a +2 leather armour
 e - a +0 scale mail
 h - a +2 ring mail of fire resistance (worn)
 l - a +0 chain mail
 o - a +0 pair of gloves (worn)
 s - a +0 helmet
 v - a +0 helmet (worn)
Jewellery
 g - a +4 ring of strength (left hand)
 p - an uncursed ring of ice
 q - a ring of see invisible (right hand)
 t - a +5 ring of intelligence {unknown}
Scrolls
 n - 3 scrolls of identify
 x - a scroll of recharging
 y - a scroll of remove curse {unknown}
Potions
 d - a potion of agility
 j - a potion of curing
 k - 3 potions of heal wounds {unknown}
 m - 3 potions of flight {unknown}
 r - 2 potions of brilliance {unknown}
 u - a potion of might {unknown}
 z - a potion of poison {unknown}
Comestibles
 c - a bread ration
 f - 8 chunks of flesh
 i - a meat ration
 w - 3 fruits


   Skills:
 + Level 3.9 Fighting
 + Level 3.7 Long Blades
 + Level 3.1 Armour
 + Level 2.4 Dodging
 + Level 0.4 Stealth


You had 4 spell levels left.
You didn't know any spells.

Dungeon Overview and Level Annotations

Branches:
Dungeon (3/15)

Altars:


Innate Abilities, Weirdness & Mutations

You have razor-sharp toenails.
You are surrounded by a mild repulsion field (EV +2).


Message History

You hit the jelly. You burn the jelly. You claw the jelly.
The jelly is severely wounded.
The jelly barely misses you.
You barely miss the jelly.
The jelly is severely wounded.
The jelly hits you.
You are splashed with acid!
The acid burns!
* * * LOW HITPOINT WARNING * * *
You hit the jelly.
The jelly is severely wounded.
The jelly barely misses you.
You hit the jelly but do no damage. You claw the jelly, but do no damage.
The jelly is severely wounded.
The jelly misses you.
You hit the jelly but do no damage. You claw the jelly.
The jelly is severely wounded.
The jelly hits you.
* * * LOW HITPOINT WARNING * * *
You are splashed with acid!
The acid burns!
You die...
Xom bursts into laughter!

......## ##.#.## ####.###
##.###.## .......# #.##
##.#######
...###.##########.###........#
#..................#.#.#####.##
#..###..########...(..........#
#........# #..#.##.#####..#
#....##..# #..#.##.# #..#
#.#### . #@.#.##.# #..###
..#####.. #..J..#.##.#####....#
......... #................##.#
..######. #..#.###.#....#####.#
..# #..#.# #.####.# #.# ..#
#....# #.# #.# ##.# #.# #..###
#.# #.# ##... #.# ... #.# #.#
#.... #.####### #.# #.# #.#
#....


You could see a jelly (invisible).

Vanquished Creatures
  A jelly (D:3)
  The ghost of Charly the Ducker, a weakling FeBe of Trog (D:3)
  A centaur skeleton (D:3)
  A gnoll (D:1)
  An adder (D:3)
  3 worms
  An adder skeleton (D:3)
  2 giant geckos
  2 orcs (D:3)
  5 bats
  2 giant cockroaches (D:1)
  9 goblins
  7 hobgoblins
  4 jackals (D:1)
  6 kobolds
  2 ball pythons
  3 giant newts
  7 rats
58 creatures vanquished.

Notes
Turn   | Place    | Note
--------------------------------------------------------------
     0 | D:1      | gorblad, the Demonspawn Chaos Knight, began the quest for the Orb.
     0 | D:1      | Reached XP level 1. HP: 18/18 MP: 1/1
   203 | D:1      | Gained mutation: You are surrounded by a mild repulsion field (EV +2). [demonic ancestry]
   203 | D:1      | Reached XP level 2. HP: 16/24 MP: 2/2
   207 | D:1      | Reached skill level 1 in Dodging
   583 | D:1      | Reached XP level 3. HP: 29/29 MP: 3/3
  1054 | D:2      | XOM: stealth player
  1137 | D:2      | XOM: mild Divn miscast
  1372 | D:2      | XOM: silly message
  1768 | D:3      | Gained mutation: You have sharp toenails. [demonic ancestry]
  1768 | D:3      | Reached XP level 4. HP: 31/36 MP: 4/4
  1773 | D:3      | XOM: potion effect (berserk rage)
  1857 | D:3      | XOM: harmless Necr miscast
  1864 | D:3      | XOM: harmless Hex miscast
  1866 | D:3      | Noticed Charly's ghost (weakling FeBe)
  1877 | D:3      | XOM: harmless Necr miscast
  1881 | D:3      | Killed Charly's ghost
  1897 | D:3      | Gained mutation: You have razor-sharp toenails. [demonic ancestry]
  1897 | D:3      | Reached XP level 5. HP: 27/42 MP: 5/5
  2339 | D:3      | XOM: divination: detect creatures
  2353 | D:3      | Splashed by a jelly's acid

Action                   |  1- 3 |  4- 6 || total
-------------------------+-------+-------++-------
Melee: Falchion          |   157 |    59 ||   216
  Use: Scroll            |    11 |       ||    11
       Potion            |       |     1 ||     1
 Stab: Confused          |     1 |     1 ||     2
  Eat: Chunk             |     3 |     2 ||     5
